 Dungeon Crawl Stone Soup version 0.30-a0-341-g682706514a (console) character file.

Game seed: 7735731263072978372

1901 jejorda2 the Spear-Bearer (level 9, -8/69 HPs)
             Began as a Merfolk Berserker on Nov 1, 2022.
             Was a Priest of Trog.
             Mangled by an orc warrior
             ... wielding a +0 glaive
              (17 damage)
             ... in a bailey.
             The game lasted 00:16:59 (5382 turns).

jejorda2 the Spear-Bearer (Merfolk Berserker)       Turns: 5382, Time: 00:17:00

Health: -8/69      AC: 15    Str: 21    XL:     9   Next: 15%
Magic:  9/9        EV: 11    Int:  6    God:    Trog [***...]
Gold:   300        SH:  0    Dex: 14    Spells: 8/8 levels left

rFire   . . .      SeeInvis .    a - +3 demon trident (venom)
rCold   . . .      Faith    .    (no shield)
rNeg    . . .      Spirit   .    b - +0 plate armour
rPois   .          Reflect  .    (no helmet)
rElec   .          Harm     .    (no cloak)
rCorr   .          Rampage  .    p - +0 pair of gloves
Will    ++...                    g - +1 pair of boots
Stlth   ..........               s - amulet of the acrobat
HPRegen 1.31/turn                k - ring of flight
MPRegen 0.11/turn                l - +4 ring of evasion

@: strong-willed, flying, regenerating
A: (nimble swimmer 2), mertail
a: Renounce Religion, Berserk, Trog's Hand


You were in a bailey.
You worshipped Trog.
Trog was most pleased with you.
You visited 1 branch of the dungeon, and saw 7 of its levels.
You also visited: Sewer and Bailey.

You collected 300 gold pieces.

Inventory:

Hand Weapons
 a - a +3 demon trident of venom (weapon)
 y - a +0 glaive
Missiles
 c - 24 stones (quivered)
 h - 6 poisoned darts
 i - 4 boomerangs
 o - 3 silver javelins
 w - a throwing net
Armour
 b - a +0 plate armour (worn)
 g - a +1 pair of boots (worn)
 p - a +0 pair of gloves (worn)
 v - a +0 chain mail
Jewellery
 k - a ring of flight (left hand)
 l - a +4 ring of evasion (right hand)
 s - an amulet of the acrobat (around neck)
Wands
 m - a wand of paralysis (7)
Scrolls
 e - a scroll of blinking
 f - 9 scrolls of teleportation
Potions
 j - 4 potions of mutation
 n - a potion of magic {unknown}
 q - a potion of berserk rage
 r - 6 potions of flight
 t - 4 potions of lignification
 u - a potion of haste
 x - a potion of curing {unknown}


   Skills:
 - Level 6.0 Fighting
 * Level 12.0 Polearms
 + Level 4.8 Armour
 - Level 2.6 Dodging


You had 8 spell levels left.
You didn't know any spells.
Your spell library was empty.

Dungeon Overview and Level Annotations

Branches:
Dungeon (8/15)             Temple (0/1) D:4           Sewer (visited)
 Bailey (1/1)
   Lair: D:8-11

Altars:
Ashenzari
Xom

Shops:
D:4 =


Innate Abilities, Weirdness & Mutations

((You are very nimble when in or above water. (Stealth+, EV+, Speed+++)))
Your lower body shifts to a powerful aquatic tail in water.


Message History

Your skin crawls.
You feel strong-willed.
You can no longer call in reinforcements.
Your two-headed ogre hits the orc warrior with a +0 giant spiked club!!!
The orc warrior dies!
Trog accepts your kill.
The orc hits your two-headed ogre with a +0 spear!
Your Polearms skill increases to level 12!
Reach: a) +3 demon trident (venom)
Press: ? - help, Dir - move target, f - orc warrior
Aim: an orc warrior, wielding a +0 glaive and wearing a +0 scale mail (strong, about 36% to evade your +3 demon trident of venom)
You reach to attack!
You barely miss the orc warrior.
The orc warrior hits you but does no damage.
Your two-headed ogre hits the orc with a +0 giant spiked club!!
The orc dies!
Trog accepts your kill.
Reach: a) +3 demon trident (venom)
Press: ? - help, Dir - move target, f/p - orc warrior
Aim: an orc warrior, wielding a +0 glaive and wearing a +0 scale mail (strong, about 36% to evade your +3 demon trident of venom)
You reach to attack!
You completely miss the orc warrior.
An orc warrior appears from thin air!
Reactivating autopickup.
The orc warrior closely misses you.
Unknown command.
Reach: a) +3 demon trident (venom)
Press: ? - help, Dir - move target, f/p - orc warrior
Aim: an orc warrior, wielding a +0 glaive and wearing a +0 scale mail (strong, about 36% to evade your +3 demon trident of venom)
You reach to attack!
You hit the orc warrior.
The orc warrior is lightly wounded.
Unknown command.
Reach: a) +3 demon trident (venom)
Press: ? - help, Dir - move target, f/p - orc warrior
Aim: an orc warrior, wielding a +0 glaive and wearing a +0 scale mail (lightly wounded, strong, ally target, about 36% to evade your +3 demon trident of venom)
You reach to attack!
You closely miss the orc warrior.
The orc warrior is lightly wounded.
The orc warrior no longer looks unusually strong.
Your two-headed ogre closely misses the orc warrior.
Your two-headed ogre hits the orc warrior with a +0 giant club.
The orc warrior hits you from afar with a +0 glaive!
You die...

#######
##..∩.@##
#.......#
#∩..Ooo∩#
#...)...#
#.)))...#
#..#.#..#
#.##8##.#
#..#.#))#
#..oo)))#


You could see 2 orc warriors and a friendly two-headed ogre (summoned, berserk).

Vanquished Creatures
  3 orc warriors
  An ice beast (D:5)
  2 centaurs (D:8)
  A kobold brigand (D:7)
  2 gnoll sergeants (D:7)
  A scorpion (D:5)
  A necrophage (D:3)
  2 hounds
  2 jellies (D:7)
  2 orc wizards
  2 iguanas (D:5)
  7 gnolls (D:7)
  10 adders
  A worm (D:4)
  2 dart slugs
  26 orcs
  9 ball pythons
  7 endoplasms
  2 giant cockroaches
  7 goblins
  7 hobgoblins
  4 jackals (D:4)
  5 quokkas
  5 bats
  16 frilled lizards
  11 kobolds
  5 rats
143 creatures vanquished.

Vanquished Creatures (collateral kills)
  An orc knight (Bailey)
  An orc warrior (Bailey)
  An orc (Bailey)
3 creatures vanquished.

Vanquished Creatures (others)
  33 plants
33 creatures vanquished.

Grand Total: 179 creatures vanquished

Notes
Turn   | Place    | Note
-------+----------+-------------------------------------------
     0 | D:1      | jejorda2 the Merfolk Berserker began the quest for the Orb.
     0 | D:1      | Reached XP level 1. HP: 18/18 MP: 1/1
   203 | D:1      | Reached XP level 2. HP: 15/24 MP: 2/2
   365 | D:1      | Found a faded altar of an unknown god.
   776 | D:1      | Reached ** piety under Trog
   810 | D:1      | Reached XP level 3. HP: 29/29 MP: 3/3
  1119 | D:2      | Reached skill level 5 in Polearms
  2043 | D:3      | Noticed a necrophage
  2050 | D:3      | Killed a necrophage
  2051 | D:3      | Reached XP level 4. HP: 37/37 MP: 4/4
  2160 | D:3      | Reached XP level 5. HP: 39/42 MP: 5/5
  2251 | D:3      | Reached skill level 6 in Polearms
  2799 | D:4      | Found a shimmering altar of Xom.
  3055 | D:4      | Found a staircase to the Ecumenical Temple.
  3109 | D:4      | Found Giujieva's Jewellery Shoppe.
  3409 | D:4      | Reached *** piety under Trog
  3580 | D:5      | Entered Level 5 of the Dungeon
  3588 | D:5      | Identified a scroll of acquirement
  3588 | D:5      | Acquired a +3 demon trident of venom
  3602 | D:5      | Reached XP level 6. HP: 48/49 MP: 6/6
  3756 | D:5      | Reached skill level 7 in Polearms
  3767 | D:5      | Found a glowing drain.
  3827 | Sewer    | Entered a sewer
  4530 | D:5      | Noticed an ice beast
  4535 | D:5      | Killed an ice beast
  4536 | D:5      | Reached skill level 5 in Fighting
  4536 | D:5      | Reached XP level 7. HP: 56/56 MP: 7/7
  4567 | D:5      | You are sucked into a shaft and drop 3 floors!
  4642 | D:8      | Reached skill level 8 in Polearms
  4792 | D:7      | Found a broken altar of Ashenzari.
  4832 | D:7      | Reached skill level 9 in Polearms
  4832 | D:7      | Reached XP level 8. HP: 50/64 MP: 8/8
  5121 | D:7      | Reached **** piety under Trog
  5122 | D:7      | Reached skill level 10 in Polearms
  5133 | D:7      | Found a flagged portal.
  5142 | Bailey   | Entered a bailey
  5336 | Bailey   | Noticed an orc knight
  5375 | Bailey   | HP: 3/64 [something (6)]
  5377 | Bailey   | Killed an orc knight
  5378 | Bailey   | Reached skill level 11 in Polearms
  5378 | Bailey   | Reached XP level 9. HP: 4/69 MP: 9/9
  5379 | Bailey   | Reached skill level 12 in Polearms
  5382 | Bailey   | Mangled by an orc warrior

Illustrated notes

Levels and vault maps discovered:
D:1:      saegor_arrival_fortress, layout_basic, ebering_ecumenical_altar_mist,
          roderic_serpentine_path
D:2:      layout_basic
D:3:      layout_basic, minmay_door_square
D:4:      layout_loops_ring, nicolae_overflow_crystal_walls,
          minmay_temple_entry_glass, serial_shops, nicolae_shop_waterfront,
          serial_bayou_crossing
D:5:      layout_basic, portal_sewer_entry_d
D:7:      layout_basic, mainiacjoe_overflow_24_doors, lightli_temple_of_fire,
          enter_bailey_6, dreamdust_princess_corridor
D:8:      layout_basic, grunt_temple_overflow_growth_and_decay,
          lemuel_doored_altar, david_lair_shrubbed, serial_shops,
          nicolae_shop_crystal, lightli_orcish_oven, uniq_erica, uniq_pikel
Bailey:   bailey_polearm_5, bailey

Skill      XL: |  1  2  3  4  5  6  7  8  9 |
---------------+----------------------------+-----
Polearms       | 5 6 7 9 11 12 | 12.0
Fighting       | 4 5 6 |  6.0
Armour         | 2 3 4 |  4.8
Dodging        | |  2.6

Action                   |  1- 3 |  4- 6 |  7- 9 || total
-------------------------+-------+-------+-------++-------
Melee: Spear             |   143 |   142 |       ||   285
       Demon trident     |       |    46 |   144 ||   190
       Punch             |       |       |     1 ||     1
Throw: Stone             |       |     2 |     6 ||     8
Invok: Berserk           |     1 |       |       ||     1
       Trog's Hand       |       |       |     4 ||     4
       Brothers in Arms  |       |       |     1 ||     1
Evoke: Wand              |       |       |     2 ||     2
  Use: Scroll            |       |    12 |     5 ||    17
       Potion            |       |       |     1 ||     1
 Stab: Sleeping          |     3 |       |       ||     3
Armor: Animal skin       |     2 |       |       ||     2
       Scale mail        |    20 |     9 |       ||    29
       Chain mail        |       |    20 |    38 ||    58
       Plate armour      |       |       |     4 ||     4
Dodge: Dodged            |    47 |    65 |   103 ||   215

Table legend: (Time is in decaauts)
 A = Elapsed time spent in this place.
 B = Non-inter-level travel time spent in this place.
 C = Inter-level travel time spent in this place.
 D = Time resting spent in this place.
 E = Time spent auto-exploring this place.
 F = Levels seen in this place.
 G = Mean time per level.
                   A        B        C        D        E       F      G
               +--------+--------+--------+--------+--------+-----+--------+
         Total |   5211 |   4888 |    323 |    129 |   3376 |   9 |  579.0 |
       Dungeon |   4744 |   4421 |    323 |     88 |   3191 |   7 |  677.7 |
         Sewer |    237 |    237 |      0 |      0 |    148 |   1 |  237.0 |
        Bailey |    229 |    229 |      0 |     40 |     36 |   1 |  229.0 |
               +--------+--------+--------+--------+--------+-----+--------+

Top non-repeatable levels by time:
     D:1: 983 daAuts
     D:3: 910 daAuts
     D:2: 799 daAuts
     D:4: 798 daAuts
     D:5: 688 daAuts
     D:7: 399 daAuts
   Sewer: 237 daAuts
  Bailey: 229 daAuts
     D:8: 162 daAuts
